 Dungeon Crawl Stone Soup version 0.31-a0-880-g9a209b2425 (webtiles) character file.

Game seed: 4227033895515313677

623103 Conn the Devastator (level 27, -2/246 HPs)
             Began as a Gargoyle Fire Elementalist on Oct 14, 2023.
             Was a Priest of Sif Muna.
             Slain by a death scarab (15 damage)
             ... summoned by a royal mummy
             ... on level 3 of the Tomb of the Ancients on Oct 15, 2023.
             The game lasted 07:24:55 (99460 turns).

Conn the Devastator (Gargoyle Fire Elementalist)   Turns: 99460, Time: 07:24:55

Health: -2/246     AC: 38    Str: 22    XL:     27
Magic:  4/44       EV:  2    Int: 33    God:    Sif Muna [***...]
Gold:   2594       SH: 34    Dex: 18    Spells: 4/61 levels left

rFire   . . .        i - +8 rapier "Wesealao" {holy, *Slow Str+2 Int+8}
rCold   + . .        N - +10 tower shield of Ignorance {rN+ Int-4}
rNeg    + + .        Q - melded +7 chain mail of Plasticity {rF+ MP+9 Dex+4}
rPois   ∞            n - melded +2 helmet {Int+3}
rElec   .            j - melded scarf {rC+ rF+}
rCorr   .            O - melded +2 pair of gloves
SInv    .            E - melded +2 pair of boots of Disguise {Will+}
Will    ++...        c - amulet "Ebamoimp" {Reflect rPois Str+6 Dex-4 SH+5}
Stlth   ++++         C - ring "Kiamp" {rPois Int+3 Dex+6 Slay+3}
HPRegen 0.61/turn    v - ring of Descent {rC+ AC+4}
MPRegen 0.29/turn

%: slow self (1%), reflection, clarity
@: tree-form, channelling, hasted and slowed, studying Staves
A: stationary, stasis, torment immunity, boosted hp, sickness immunity, AC +20,
(big wings), negative energy resistance 1, (electricity resistance), torment
resistance 1, petrification resistance, (iridescent scales 1), thin skeletal
structure 1, agile 1, clarity
}: 3/15 runes: serpentine, barnacled, silver
a: Renounce Religion, Channel Magic, Forget Spell


You were on level 3 of the Tomb of the Ancients.
You worshipped Sif Muna.
Sif Muna was most pleased with you.
You were a tree.
You visited 11 branches of the dungeon, and saw 49 of its levels.
You visited 1 bazaar.
You also visited: Sewer and Ice Cave.

You collected 9857 gold pieces.
You spent 7263 gold pieces at shops.

Inventory:

Hand Weapons
 a - the +4 executioner's axe "Beastbane" {heavy, rC- Will+ rCorr Dex+7}
   (You acquired it on level 3 of the Shoals)

   Dex+7:     It affects your dexterity (+7).
   rC-:       It makes you vulnerable to cold.
   Will+:     It increases your willpower.
   rCorr:     It protects you from acid and corrosion.
 i - the +8 rapier "Wesealao" (weapon) {holy, *Slow Str+2 Int+8}
   (You bought it in a shop on level 4 of the Vaults)

   Str+2:     It affects your strength (+2).
   Int+8:     It affects your intelligence (+8).
   *Slow:     It may slow you when you take damage.
 k - the +8 great mace "Arocutin" {heavy, rCorr Dex+3}
   (You took it off an iron giant on level 3 of the Depths)

   Dex+3:     It affects your dexterity (+3).
   rCorr:     It protects you from acid and corrosion.
 W - the +6 halberd of the Wizarding Blowfly {heavy, rElec rF- rC+++ rN+}
   (You took it off a deep elf demonologist on level 5 of the Vaults)

   rF-:       It makes you vulnerable to fire.
   rC+++:     It renders you almost immune to cold.
   rElec:     It insulates you from electricity.
   rN+:       It protects you from negative energy.
 Y - the +4 battleaxe of Slow Death {heavy, rF+ rC- Str+8 SInv}
   (You found it on level 7 of the Dungeon)

   Str+8:     It affects your strength (+8).
   rF+:       It protects you from fire.
   rC-:       It makes you vulnerable to cold.
   SInv:      It lets you see invisible.
Missiles
 T - 12 curare-tipped darts
Armour
 g - a +3 buckler of resistance
 j - a scarf of resistance (melded)
 n - a +2 helmet of intelligence (melded)
 x - a +5 kite shield of protection
 E - the +2 pair of boots of Disguise (melded) {Will+}
   (You found it on level 3 of the Snake Pit)

   Will+:     It increases your willpower.
 N - the +10 tower shield of Ignorance (worn) {rN+ Int-4}
   (You bought it in a shop on level 10 of the Dungeon)

   Int-4:     It affects your intelligence (-4).
   rN+:       It protects you from negative energy.
 O - a +2 pair of gloves (melded)
 Q - the +7 chain mail of Plasticity (melded) {rF+ MP+9 Dex+4}
   (You found it on level 4 of the Vaults)

   Dex+4:     It affects your dexterity (+4).
   rF+:       It protects you from fire.
   MP+9:      It affects your magic capacity (+9).
 Z - the +3 buckler "Faokaose" {+Inv Will+}
   (You bought it in a shop on level 2 of the Depths)

   Will+:     It increases your willpower.
   +Inv:      It lets you turn invisible.
Magical Staves
 b - a staff of conjuration
 t - a staff of air
 B - a staff of cold
Jewellery
 c - the amulet "Ebamoimp" (around neck) {Reflect rPois Str+6 Dex-4 SH+5}
   (You found it in an ice cave)

   [amulet of reflection]

   Reflect:   It reflects blocked missile attacks.
   Str+6:     It affects your strength (+6).
   Dex-4:     It affects your dexterity (-4).
   rPois:     It protects you from poison SH+5: It affects your SH (+5).
 l - the ring of Baobuim {Fire rElec}
   (You took it off a deep elf death mage on level 3 of the Elven Halls)

   [ring of fire]

   Fire:      It enhances your fire magic.
   rF+:       It protects you from fire.
   rC-:       It makes you vulnerable to cold.
   rElec:     It insulates you from electricity.
 o - the amulet of Ilutet {Spirit rC++ Str-4 Dex+6}
   (You acquired it in a sewer)

   [amulet of guardian spirit]

   Spirit:    It causes incoming damage to be divided between your reserves of
   health and magic.
   Str-4:     It affects your strength (-4).
   Dex+6:     It affects your dexterity (+6).
   rC++:      It greatly protects you from cold.
 q - a ring of resist corrosion
 u - the ring "Roterchue" {rN+ rCorr Str+6 Dex-3}
   (You found it on level 14 of the Dungeon)

   [ring of resist corrosion]

   Str+6:     It affects your strength (+6).
   Dex-3:     It affects your dexterity (-3).
   rN+:       It protects you from negative energy.
   rCorr:     It protects you from acid and corrosion.
 v - the ring of Descent (right branch) {rC+ AC+4}
   (You found it on level 1 of the Depths)

   [ring of protection]

   AC+4:      It affects your AC (+4).
   rC+:       It protects you from cold.
 C - the ring "Kiamp" (left branch) {rPois Int+3 Dex+6 Slay+3}
   (You found it in an ice cave)

   [ring of dexterity]

   Int+3:     It affects your intelligence (+3).
   Dex+6:     It affects your dexterity (+6).
   Slay+3:    It affects your accuracy & damage with ranged weapons and melee
   (+3).
   rPois:     It protects you from poison
Wands
 d - a wand of digging (13)
 y - a wand of quicksilver (24)
 J - a wand of roots (63)
Scrolls
 f - 8 scrolls of noise
 p - 2 scrolls of revelation
 s - 3 scrolls of blinking
 w - 24 scrolls of teleportation
 D - 7 scrolls of amnesia
 F - 12 scrolls of fog
 K - 2 scrolls of immolation
 L - 6 scrolls of torment
 M - 11 scrolls of fear
 S - 4 scrolls of butterflies
 V - 3 scrolls of enchant armour
Potions
 e - 8 potions of lignification
 h - 4 potions of brilliance
 m - 30 potions of curing
 r - 2 potions of haste
 z - 9 potions of enlightenment
 A - 4 potions of cancellation
 G - 7 potions of resistance
 H - 9 potions of attraction
 I - a potion of heal wounds
 R - a potion of invisibility
 X - 4 potions of magic
Miscellaneous
 P - a lightning rod (4/4)
 U - a phantom mirror


   Skills:
 + Level 17.5 Fighting
 + Level 5.9 Short Blades
 + Level 17.9 Axes
 - Level 5.0 Staves
 - Level 20.0 Armour
 - Level 11.6 Dodging
 - Level 6.0 Stealth
 + Level 14.6 Shields
 * Level 17.6 Spellcasting
 - Level 20.3 Conjurations
 - Level 5.0 Hexes
 - Level 5.0 Summonings
 - Level 10.0 Translocations
 * Level 18.7 Fire Magic
 - Level 5.0 Ice Magic
 - Level 3.0 Air Magic
 - Level 5.0 Earth Magic
 - Level 15.0 Invocations
 - Level 3.0 Evocations


You had 4 spell levels left.
You knew the following spells:

 Your Spells              Type           Power      Damage    Failure   Level
a - Foxfire               Conj/Fire      100%       2x1d9     0%          1
b - Scorch                Fire           100%       2d9       0%          2
c - Inner Flame           Hex/Fire       82%        N/A       1%          3
d - Orb of Destruction    Conj           52%        9d13      1%          7
e - Starburst             Conj/Fire      51%        6d14      1%          6
f - Mephitic Cloud        Conj/Pois/Air  69%        N/A       1%          3
g - Fireball              Conj/Fire      51%        3d20      1%          5
h - Brom's Barrelling Bo  Conj/Erth      85%        2d10      1%          4
i - Hailstorm             Conj/Ice       85%        3d17      1%          3
j - Iskenderun's Mystic   Conj/Tloc      92%        2d18      1%          4
k - Blink                 Tloc           100%       N/A       1%          2
l - Summon Guardian Gole  Hex/Summ       58%        N/A       1%          3
m - Dispersal             Tloc           38%        N/A       9%          6
n - Ignition              Fire           50%        3d14      11%         8

Your spell library contained the following spells:

 Spells                   Type           Power      Damage    Failure   Level
 Magic Dart               Conj           100%       1d8       0%          1
 Momentum Strike          Conj/Tloc      100%       3d10      0%          2
 Searing Ray              Conj           100%       2d8       0%          2
 Flame Wave               Conj/Fire      100%       2d21      0%          4
 Sticky Flame             Conj/Fire      100%       2d11      0%          4
 Apportation              Tloc           100%       N/A       1%          1
 Freeze                   Ice            100%       1d10      1%          1
 Kiss of Death            Conj/Necr      100%       2d13      1%          1
 Sandblast                Erth           100%       2d20      1%          1
 Shock                    Conj/Air       100%       1d9       1%          1
 Slow                     Hex            100%       N/A       1%          1
 Summon Small Mammal      Summ           100%       N/A       1%          1
 Call Imp                 Summ           100%       N/A       1%          2
 Ensorcelled Hibernation  Hex/Ice        100%       N/A       1%          2
 Jinxbite                 Hex            100%       N/A       1%          2
 Lesser Beckoning         Tloc           100%       N/A       1%          2
 Passwall                 Tmut/Erth      37%        N/A       1%          2
 Static Discharge         Conj/Air       100%       2-7/arc   1%          2
 Call Canine Familiar     Summ           58%        N/A       1%          3
 Confusing Touch          Hex            58%        N/A       1%          3
 Dazzling Flash           Conj/Hex       100%       N/A       1%          3
 Frozen Ramparts          Ice            100%       1d16      1%          3
 Gell's Gravitas          Tloc           76%        N/A       1%          3
 Ignite Poison            Fire/Tmut/Pois 63%        N/A       1%          3
 Ozocubu's Armour         Ice            58%        N/A       1%          3
 Sigil of Binding         Hex            58%        N/A       1%          3
 Stone Arrow              Conj/Erth      100%       3d13      1%          3
 Teleport Other           Tloc           76%        N/A       1%          3
 Tukima's Dance           Hex            58%        N/A       1%          3
 Volatile Blastmotes      Fire/Tloc      100%       2d18      1%          3
 Dimensional Bullseye     Hex/Tloc       34%        N/A       1%          4
 Fulminant Prism          Conj/Hex       42%        3d19      1%          4
 Manifold Assault         Tloc           76%        N/A       1%          4
 Passage of Golubria      Tloc           76%        N/A       1%          4
 Poisonous Vapours        Pois/Air       78%        N/A       2%          2
 Vhi's Electric Charge    Tloc/Air       100%       N/A       2%          4
 Necrotise                Necr           100%       1d9       3%          1
 Sting                    Tmut/Pois      100%       1d8       3%          1
 Swiftness                Air            48%        N/A       3%          3
 Animate Armour           Summ/Erth      100%       N/A       4%          4
 Cause Fear               Hex            29%        N/A       4%          4
 Leda's Liquefaction      Hex/Erth       29%        N/A       4%          4
 Summon Ice Beast         Ice/Summ       58%        N/A       4%          4
 Summon Lightning Spire   Summ/Air       53%        N/A       7%          4
 Airstrike                Air            24%        2d(4-20)  10%         4
 Vampiric Draining        Necr           29%        2d8       11%         3
 Anguish                  Hex/Necr       22%        N/A       12%         4
 Petrify                  Tmut/Erth      45%        N/A       12%         4
 Animate Dead             Necr           29%        N/A       34%         4
 Dispel Undead            Necr           29%        3d13      34%         4
 Olgreb's Toxic Radiance  Pois           29%        N/A       34%         4
 Arcjolt                  Conj/Air       41%        1d51      1%          5
 Freezing Cloud           Conj/Ice/Air   37%        6-21      1%          5
 Irradiate                Conj/Tmut      38%        3d24      1%          5
 Iskenderun's Battlesphe  Conj           100%       2d15      1%          5
 Bombard                  Conj/Erth      42%        9d7       3%          6
 Summon Forest            Summ/Tloc      34%        N/A       4%          5
 Conjure Ball Lightning   Conj/Air       41%        3x3d13    4%          6
 Plasma Beam              Fire/Air       39%        2x1d53    6%          6
 Lee's Rapid Deconstruct  Erth           29%        3d15*     12%         5
 Metabolic Englaciation   Hex/Ice        29%        N/A       12%         5
 Summon Mana Viper        Hex/Summ       58%        N/A       12%         5
 Spellforged Servitor     Conj/Summ      42%        N/A       16%         7
 Silence                  Hex/Air        26%        N/A       19%         5
 Borgnjor's Vile Clutch   Necr/Erth      22%        N/A       34%         5
 Yara's Violent Unravell  Hex/Tmut       22%        3d10      34%         5
 Summon Cactus Giant      Summ           29%        N/A       56%         6
 Agony                    Necr           29%        N/A       67%         5
 Alistair's Intoxication  Tmut/Pois      19%        N/A       67%         5
 Fire Storm               Conj/Fire      51%        8d13      75%         9
 Lehudib's Crystal Spear  Conj/Erth      42%        10d10     77%         8
 Malign Gateway           Summ/Tloc      34%        N/A       80%         7
 Simulacrum               Ice/Necr       22%        N/A       88%         6
 Enfeeble                 Hex            29%        N/A       98%         7
 Monstrous Menagerie      Summ           29%        N/A       98%         7
 Ozocubu's Refrigeration  Ice            29%        4d13      98%         7
 Summon Hydra             Summ           29%        N/A       98%         7
 Disjunction              Tloc           38%        N/A       98%         8
 Death Channel            Necr           14%        N/A       99%         6
 Eringya's Noxious Bog    Tmut/Pois      14%        4d6       99%         6
 Haunt                    Necr/Summ      22%        N/A       100%        7
 Borgnjor's Revivificati  Necr           14%        N/A       100%        8
 Discord                  Hex            29%        N/A       100%        8
 Infestation              Necr           14%        N/A       100%        8
 Maxwell's Capacitive Co  Air            24%        ∞         100%        8
 Summon Horrible Things   Summ           29%        N/A       100%        8
 Chain Lightning          Conj/Air       41%        3d54      100%        9
 Death's Door             Necr           14%        N/A       100%        9
 Dragon's Call            Summ           29%        N/A       100%        9
 Shatter                  Erth           29%        3d24*     100%        9
 Cigotuvi's Dreadful Rot  Necr/Pois/Air  Unusable   N/A       N/A         2

Dungeon Overview and Level Annotations

Branches:
Dungeon (15/15)            Temple (1/1) D:6            Lair (5/5) D:8
 Shoals (4/4) Lair:2        Snake (4/4) Lair:2        Slime (0/5) Lair:4
    Orc (2/2) D:11            Elf (3/3) Orc:2        Vaults (5/5) D:13
  Crypt (3/3) Vaults:3       Tomb (3/3) Crypt:3      Depths (4/4) D:15
    Zot (0/5) Depths:4      Sewer (visited)           IceCv (visited)

Altars:
Ashenzari
Cheibriados
Dithmenos
Elyvilon
Fedhas
Gozag
Hepliaklqana
Kikubaaqudgha
Makhleb
Nemelex Xobeh
Okawaru
Qazlal
Ru
Sif Muna
Trog
Uskayaw
Vehumet
Wu Jian
Xom
Yredelemnul
Zin
The Shining One

Shops:
D:3 [   D:8 [   D:10 [   Orc:2 **((   Elf:1 ((   Elf:2 !(*(   Shoals:3 **
Snake:3 :=:   Snake:4 *   Vaults:2 :   Vaults:4 ?*:*   Depths:2 [:
Depths:4 ?:

Portals:
Hell: Depths:1 Depths:2 Depths:3 Depths:4
Abyss: Depths:1 Depths:3
Pandemonium: Depths:2
Ziggurat: Depths:1

Annotations:
Tomb:3 Khufu


Innate Abilities, Weirdness & Mutations

You are a tree.
Your roots penetrate the ground, keeping you stationary.
You cannot be teleported.
You are immune to unholy pain and torment.
Your maximum health is greatly increased.
Your equipment is partially melded.
You are immune to sickness and miasma.
((Your stone body is resilient. (AC +20)))
You are immune to poison.
((Your large and strong wings let you fly.))
You resist negative energy. (rN+)
((You are resistant to electric shocks. (rElec)))
You are resistant to unholy torment.
You are immune to petrification.
((You are partially covered in iridescent scales. (AC +2)))
You have a somewhat thin skeletal structure. (Dex +2, Stealth+)
You are agile. (Dex +4, Str/Int -1)
You possess an exceptional clarity of mind.


Message History

You destroy the death scarab!
The death scarab's corpse disappears in a puff of smoke!
The fireball engulfs the royal mummy!
You destroy the royal mummy!
Sif Muna accepts your kill.
The fireball engulfs the death scarab!!
You destroy the death scarab!
The death scarab's corpse disappears in a puff of smoke!
The fireball engulfs the royal mummy!!
The royal mummy is severely damaged.
The fireball engulfs the alligator snapping turtle skeleton!
You destroy the alligator snapping turtle skeleton!
Sif Muna accepts your kill.
The fireball engulfs the royal mummy!
The royal mummy is severely damaged.
You feel extremely nervous for a moment...
You feel horribly lethargic.
You feel yourself slow down.
The royal mummy gestures wildly while chanting.
Khufu gestures at you while chanting. Something smites you!
* * * LOW HITPOINT WARNING * * *
Unknown command.
Unknown command.
You feel much better.
The death scarab's many legs skitter faintly.
The royal mummy casts a spell. x2
A royal mummy comes into view.
You block the death scarab's attack. You block the death scarab's attack.
You block the royal mummy's attack.
The emperor scorpion stings you but does no damage.
You block the emperor scorpion's attack.
The emperor scorpion claws you but does no damage.
The emperor scorpion stings you!!
* * * LOW HITPOINT WARNING * * *
You block the emperor scorpion's attack. x2
The emperor scorpion stings you!
* * * LOW HITPOINT WARNING * * *
The emperor scorpion claws you but does no damage. x2
You block the death scarab's attack. The death scarab bites you!
You die...

####### ####### .○....#
##...$=##
))....###.$..§§[##
)MM...##....§$[sB##
^z.z..##..M.sBMB♣:#
.$MzM.#..§.)§M§Mss)#
.zMM..#.)s.M§$$BB):|#
..zz.M'...§..?.$)///)#
..BMM.#..s.....$$:!=:=#
...z..#....[....$=$$)|#
.zMMMM##...v.....$$$/?#


.zBMMM# .........$$$$# ...MMMM .. You could see Khufu, 4 royal mummies, 6
emperor scorpions, 5 death scarabs and a friendly fire vortex.

Vanquished Creatures
  2 dread liches
  4 ancient liches
  7 juggernauts
  Sojobo (Vaults:5)
  23 royal mummies
  Boris (twice) (Crypt:1 Tomb:3)
  Bai Suzhen (Vaults:4)
  Saint Roka (Vaults:1)
  Margery (Vaults:3)
  3 caustic shrikes
  Vashnia (Snake:4)
  5 golden dragons
  Nikola (Vaults:1)
  Jory (Vaults:4)
  Norris (Vaults:1)
  A profane servitor (Crypt:3)
  The ghost of Ruycyam the Imperceptible, a veteran TeGl of Uskayaw (Depths:3)
  2 bone dragons
  An iron giant (Depths:3)
  3 doom hounds (Depths:2)
  A Tzitzimitl (Depths:2)
  Zenata (Vaults:1)
  6 tentacled monstrosities
  Jorgrun (Shoals:1)
  Rupert (Orc:2)
  Mlioglotl (Shoals:1)
  An Ice Fiend (D:14)
  A walking earthen tome (Depths:4)
  Grunn (Depths:2)
  5 titans
  A quicksilver dragon (Depths:3)
  7 liches
  Asterion (Depths:2)
  2 deep elf blademasters (Elf:3)
  A deep elf master archer (Elf:3)
  5 walking divine tomes
  2 walking frostbound tomes
  A kraken (Shoals:4)
  13 sphinxes
  10 ancient champions
  3 shadow dragons
  5 storm dragons
  5 tengu reavers
  A draconian knight (Depths:4)
  6 revenants
  7 frost giants
  8 nagarajas
  2 daevas
  2 azure jellies (IceCv)
  25 vault wardens
  12 fire giants
  6 deep elf sorcerers (Elf:3)
  4 iron dragons
  Louise (Depths:1)
  A deep elf elementalist (Elf:3)
  A ghost moth (Vaults:2)
  A curse skull (Crypt:3)
  A balrug (Depths:2)
  23 ironbound preservers
  An angel (Depths:1)
  6 ghouls
  6 spriggan defenders
  10 very ugly things
  2 war gargoyles
  7 reapers
  10 ironbound thunderhulks
  3 formless jellyfish
  5 vampire knights
  2 orc warlords
  9 deep elf demonologists
  15 stone giants
  11 deep elf annihilators
  A white draconian (Depths:4)
  A red draconian (Depths:4)
  Azrael (Elf:2)
  A yellow draconian (Depths:4)
  13 bennus
  12 dire elephants
  8 spark wasps
  A dire elephant (shapeshifter) (Vaults:5)
  A purple draconian (Depths:4)
  18 ettins
  5 eidola
  9 merfolk impalers
  11 fire dragons
  4 merfolk javelineers
  22 mummy priests
  10 deep elf death magi
  21 jiangshi
  A spriggan zombie (Tomb:3)
  Josephine (D:10)
  9 deep elf high priests
  The ghost of Tinttamiau the Cleaver, a journeyman HOFi of Okawaru (D:10)
  An entropy weaver (Vaults:2)
  2 spectral krakens (Shoals:2)
  2 salamander tyrants (Snake:4)
  3 rakshasas
  4 great orbs of eyes
  4 hydras
  A quicksilver dragon skeleton (Tomb:1)
  A great orb of eyes (shapeshifter) (Vaults:5)
  10 ironbound frosthearts
  6 ice dragons
  An ogre mage (Vaults:5)
  A hell beast (Depths:1)
  44 vault guards
  9 yaktaur captains
  3 merfolk avatars
  2 peacekeepers
  10 anacondas
  3 ghost crabs (Shoals:2)
  11 centaur warriors
  9 spriggan air magi
  An anaconda (shapeshifter) (Elf:3)
  3 catoblepae (Lair:5)
  6 death knights
  8 deep troll shamans
  5 merfolk aquamancers
  26 dancing weapons
  3 tengu warriors
  12 boulder beetles
  A vampire mage (Depths:2)
  21 naga warriors
  8 two-headed ogres
  36 death scarabs
  A satyr (Shoals:3)
  An orc high priest (Elf:2)
  A hell hog (Depths:1)
  23 death yaks
  10 deep troll earth magi
  11 spriggan berserkers
  14 naga sharpshooters
  7 spriggans
  3 soul eaters
  Nergalle (Lair:3)
  5 hell knights
  17 deep elf knights
  3 shock serpents
  9 skysharks
  A titan skeleton (Tomb:1)
  16 iron trolls
  52 skeletal warriors
  A bunyip zombie (Tomb:1)
  4 cherubim (Shoals:4)
  3 salamander mystics (Snake:4)
  A quicksilver dragon simulacrum (Depths:1)
  16 sea snakes
  5 shadow wraiths (Crypt:3)
  A sea snake (shapeshifter) (D:13)
  74 deep trolls
  6 flayed ghosts
  14 naga ritualists
  A glowing orange brain (Vaults:1)
  2 bog bodies
  A lindwurm (shapeshifter) (D:11)
  4 phantasmal warriors
  10 harpies
  33 ironbound convokers
  10 deep elf archers
  4 lindwurms
  A wolf spider zombie (D:15)
  28 deep elf pyromancers
  11 wizards
  Pikel (D:6)
  11 mana vipers
  27 deep elf zephyrmancers
  11 necromancers
  17 orc knights
  4 spectral wolf spiders (D:14)
  4 fauns
  27 ugly things
  8 cyclopes
  2 spectral merfolk (Shoals:2)
  5 orc sorcerers
  A wolf spider (D:14)
  14 manticores
  A spectral centaur (Crypt:3)
  A large abomination (Crypt:3)
  A shadow dragon skeleton (Vaults:2)
  12 salamanders
  2 merfolk sirens
  A centaur zombie (D:15)
  A frost giant skeleton (Depths:2)
  10 guardian serpents
  14 elephants
  15 naga magi
  An orange demon (Depths:2)
  3 ice statues (IceCv)
  25 vault sentinels
  A centaur skeleton (D:15)
  An alligator snapping turtle zombie (Tomb:2)
  4 water nymphs
  2 spectral sea snakes (Shoals:2)
  A steelbarb worm zombie (Crypt:1)
  A dire elephant skeleton (Tomb:1)
  A torpor snail (Lair:5)
  6 rime drakes
  41 black mambas
  3 gargoyles
  5 unseen horrors
  A spark wasp simulacrum (Depths:2)
  3 kobold demonologists
  14 cane toads
  An unseen horror zombie (Crypt:2)
  2 efreet (D:13)
  An alligator snapping turtle skeleton (Tomb:3)
  7 komodo dragons
  16 yaktaurs
  11 freezing wraiths
  49 guardian mummies
  A yellow draconian skeleton (Crypt:2)
  3 tengu conjurers
  A tormentor (Depths:1)
  12 polar bears
  A meliai (D:13)
  A spectral harpy (Crypt:3)
  7 trolls
  18 merfolk
  7 wind drakes
  A harpy zombie (Tomb:2)
  A troll (shapeshifter) (D:15)
  2 hellwings (Depths:2)
  8 hornets
  A meliai (shapeshifter) (D:15)
  5 raiju (Lair:5)
  A mana viper skeleton (Crypt:2)
  10 blink frogs
  10 snapping turtles
  Grinder (D:3)
  24 dream sheep
  A spectral manticore (Shoals:2)
  An ettin zombie (Tomb:2)
  43 slime creatures
  2 stone giant simulacra
  3 jumping spiders (D:14)
  A culicivora (Vaults:2)
  A vampire (D:10)
  84 flying skulls
  A dire elephant simulacrum (Crypt:3)
  An ice dragon skeleton (Crypt:1)
  6 wyverns
  11 wraiths
  3 shadows (Crypt:3)
  27 ushabtiu
  3 air elementals
  10 water elementals
  7 basilisks
  2 neqoxecs (D:10)
  Eustachio (D:4)
  A redback simulacrum (D:15)
  A basilisk (shapeshifter) (Vaults:5)
  4 fire elementals
  7 vampire mosquitoes
  77 yaks
  11 humans (D:13)
  5 redbacks
  A chaos spawn (Depths:2)
  A steam dragon (D:8)
  A naga zombie (Tomb:1)
  15 wargs
  41 nagas
  3 acid dragons
  A deep troll zombie (Crypt:1)
  A deep troll skeleton (Crypt:2)
  2 human zombies
  19 water moccasins
  Duvessa (D:5)
  2 floating eyes
  15 hell hounds
  A floating eye (shapeshifter) (Vaults:5)
  A glowing shapeshifter skeleton (Vaults:2)
  6 sky beasts
  A swamp drake (Orc:1)
  A cane toad zombie (Crypt:1)
  15 black bears
  50 orc warriors
  An ice beast (shapeshifter) (Vaults:5)
  3 ice beasts
  3 great orb of eyes simulacra (IceCv)
  A tengu (shapeshifter) (D:14)
  23 wolves
  11 ogres
  4 boggarts (Lair:3)
  16 centaurs
  A snapping turtle skeleton (Crypt:2)
  3 small abominations (Crypt:3)
  2 lemures (D:6)
  5 kobold brigands
  A phantom (D:4)
  Blork the orc (Orc:1)
  A vine stalker zombie (Crypt:1)
  2 elf zombies (Elf:1)
  A gnoll sergeant (D:7)
  11 bullfrogs
  2 earth elementals
  5 scorpions
  9 necrophages
  A draconian skeleton (Crypt:1)
  An elf skeleton (Crypt:2)
  A cyclops skeleton (Crypt:2)
  4 glowing shapeshifter simulacra (IceCv)
  12 wights
  Dowan (D:5)
  A polar bear skeleton (Crypt:1)
  19 killer bees
  A queen bee zombie (Crypt:2)
  6 howler monkeys
  3 electric eels
  A crimson imp (Orc:1)
  A human simulacrum (Vaults:2)
  3 quasits (D:10)
  Crazy Yiuf (D:2)
  2 gnoll boudas
  2 jellies
  15 orc priests
  7 hounds
  An iron imp (Orc:1)
  A sleepcap (D:5)
  5 iguanas
  32 orc wizards
  Terence (D:3)
  11 hell rats
  A black bear skeleton (Crypt:1)
  A sickly merfolk siren (Sewer)
  A malarious merfolk avatar (Sewer)
  A shapeshifter simulacrum (IceCv)
  A tengu zombie (Crypt:2)
  A boggart simulacrum (D:15)
  66 mummies
  15 gnolls
  4 river rats
  11 adders
  3 shadow imps
  A white imp (D:7)
  2 ufetubi (D:7)
  An adder skeleton (Crypt:2)
  3 worms
  A dart slug (D:1)
  120 orcs
  4 ball pythons
  8 bats
  7 endoplasms
  12 giant cockroaches
  10 goblins
  8 hobgoblins
  8 jackals
  6 quokkas
  9 frilled lizards
  15 kobolds
  2 orc skeletons (Crypt:2)
  21 rats
  A spectral orc (D:9)
  A boulder (Vaults:2)
  2 foxfires (Vaults:1)
  7 tentacles
2728 creatures vanquished.

Vanquished Creatures (collateral kills)
  19 boulders
  4 foxfires
23 creatures vanquished.

Vanquished Creatures (others)
  A lich (Depths:4)
  A fire giant (Depths:1)
  A bennu (Tomb:3)
  A deep elf annihilator (Vaults:5)
  A skeletal warrior (Tomb:3)
  2 deep elf zephyrmancers
  An unseen horror (D:7)
  A human (D:13)
  An orc wizard (Orc:1)
  A shadow imp (Orc:1)
  A white imp (Orc:1)
  2 orcs (Orc:1)
  30 boulders
  3 fire vortices (Tomb:3)
  2576 foxfires
  17 tentacles
2640 creatures vanquished.

Grand Total: 5391 creatures vanquished

Notes
Turn   | Place    | Note
-------+----------+-------------------------------------------
     0 | D:1      | Conn the Gargoyle Fire Elementalist began the quest for the
                  | Orb.
     0 | D:1      | Reached XP level 1. HP: 10/10 MP: 3/3
     0 | D:1      | Noticed a demigod
     5 | D:1      | Noticed a demigod
    10 | D:1      | Noticed a demonspawn
    14 | D:1      | Noticed a demonspawn
    16 | D:1      | Noticed an octopode
    16 | D:1      | Noticed a draconian
    18 | D:1      | Noticed a demigod
    18 | D:1      | Noticed a minotaur
    20 | D:1      | Noticed a vine stalker
    22 | D:1      | Noticed a gargoyle
   136 | D:1      | Reached XP level 2. HP: 8/15 MP: 5/5
   440 | D:1      | Reached XP level 3. HP: 19/19 MP: 3/6
   443 | D:1      | Learned a level 2 spell: Scorch
   447 | D:1      | Learned a level 3 spell: Inner Flame
  1483 | D:2      | Reached XP level 4. HP: 24/24 MP: 3/7
  1879 | D:2      | Found a runed translucent door.
  1880 | D:2      | Noticed Crazy Yiuf
  1891 | D:2      | Killed Crazy Yiuf
  2154 | D:3      | Reached XP level 5. HP: 28/28 MP: 1/8
  2172 | D:3      | Noticed a sky beast
  2214 | D:3      | Killed a sky beast
  2215 | D:3      | Reached skill level 1 in Fighting
  2215 | D:3      | Reached skill level 1 in Armour
  2215 | D:3      | Reached skill level 1 in Hexes
  2359 | D:3      | Reached XP level 6. HP: 34/34 MP: 10/10
  2383 | D:3      | Found a white marble altar of Elyvilon.
  2402 | D:3      | Noticed Terence
  2418 | D:3      | Killed Terence
  2553 | D:3      | Learned a level 4 spell: Flame Wave
  2772 | D:3      | Noticed Grinder
  2802 | D:3      | Killed Grinder
  2803 | D:3      | Reached XP level 7. HP: 39/39 MP: 1/12
  3055 | D:3      | Found Rinkud's Antique Armour Emporium.
  3100 | D:4      | Found a glowing drain.
  3203 | Sewer    | Entered a sewer
  3787 | Sewer    | Identified a scroll of acquirement
  3787 | Sewer    | Acquired the amulet of Ilutet {Spirit rC++ Str-4 Dex+6}
  3884 | D:4      | Noticed Eustachio
  3951 | D:4      | Killed Eustachio
  4091 | D:4      | Found a blossoming altar of Fedhas.
  4289 | D:4      | Reached XP level 8. HP: 39/45 MP: 2/13
  4438 | D:4      | Found a sparkling altar of Nemelex Xobeh.
  4643 | D:4      | Found an ancient bone altar of Kikubaaqudgha.
  4783 | D:5      | Entered Level 5 of the Dungeon
  5047 | D:4      | Reached skill level 1 in Short Blades
  5244 | D:5      | Reached skill level 5 in Conjurations
  5343 | D:5      | Reached XP level 9. HP: 38/51 MP: 1/16
  5579 | D:5      | Noticed Dowan
  5580 | D:5      | Noticed Duvessa
  5603 | D:5      | Killed Duvessa
  5604 | D:5      | Reached skill level 5 in Stealth
  5605 | D:5      | Killed Dowan
  5647 | D:5      | Reached skill level 5 in Spellcasting
  6488 | D:6      | Noticed Pikel
  6526 | D:6      | Killed Pikel
  6527 | D:6      | Reached skill level 5 in Fire Magic
  6851 | D:6      | Reached XP level 10. HP: 58/58 MP: 0/18
  6989 | D:5      | Learned a level 6 spell: Starburst
  7348 | D:6      | Found a staircase to the Ecumenical Temple.
  7357 | Temple   | Entered the Ecumenical Temple
  7471 | D:6      | Found a sacrificial altar of Ru.
  7990 | D:7      | Noticed a skeletal warrior
  7993 | D:7      | Noticed a skeletal warrior
  7993 | D:7      | Noticed a skeletal warrior
  8350 | D:8      | Reached skill level 5 in Fighting
  8609 | D:8      | Noticed an elephant
  8624 | D:8      | Reached skill level 5 in Armour
  8649 | D:8      | Killed an elephant
  8742 | D:8      | Found a staircase to the Lair.
  8944 | D:8      | Found a stormy altar of Qazlal.
  9159 | D:8      | Found Baikohu's Armour Emporium.
  9167 | D:8      | Bought a scarf of repulsion for 168 gold pieces
  9238 | D:8      | Reached XP level 11. HP: 64/64 MP: 14/21
  9621 | D:9      | Found a shimmering blue altar of Sif Muna.
  9701 | D:9      | Found a shadowy altar of Dithmenos.
  9847 | D:9      | Found a hazy altar of Hepliaklqana.
 10477 | D:10     | Entered Level 10 of the Dungeon
 10477 | D:10     | Found Zebue's Armour Shop.
 10482 | D:10     | Noticed a two-headed ogre
 10492 | D:10     | Killed a two-headed ogre
 10747 | D:10     | Noticed a centaur warrior
 10755 | D:10     | Killed a centaur warrior
 11000 | D:10     | Noticed Josephine
 11045 | D:10     | Killed Josephine
 11225 | D:10     | Found a transporter.
 11234 | D:10     | Noticed Tinttamiau's ghost (journeyman HOFi)
 11338 | D:10     | Found a transporter.
 11370 | D:10     | Noticed a two-headed ogre
 11377 | D:10     | Killed a two-headed ogre
 11974 | D:11     | Noticed a two-headed ogre
 11975 | D:11     | Reached skill level 5 in Short Blades
 12169 | D:11     | Found a staircase to the Orcish Mines.
 12175 | D:11     | Noticed a boulder beetle
 12240 | D:9      | Became a worshipper of Sif Muna the Loreminder
 12468 | D:10     | HP: 1/66 [neqoxec (8)]
 12471 | D:10     | Gained mutation: Your magical capacity is low. (-10% MP) [a
                  | neqoxec]
 12798 | D:11     | Killed a two-headed ogre
 12799 | D:11     | Reached skill level 1 in Invocations
 12799 | D:11     | Reached XP level 12. HP: 71/71 MP: 8/21
 13197 | D:11     | Reached skill level 10 in Conjurations
 13608 | D:11     | Killed a boulder beetle
 13766 | D:11     | Identified the ring of the Tarantula {rC+ Dex+2}
 14178 | D:11     | Identified the +5 leather armour "Titroq" {Harm rC- rN+
                  | Int+5}
 14419 | D:11     | Lost mutation: Your magical capacity is low. (-10% MP)
                  | [potion of mutation]
 14419 | D:11     | Gained mutation: You have hidden genetic defects. [potion
                  | of mutation]
 14419 | D:11     | Gained mutation: Your skin changes colour to match your
                  | surroundings (Stealth+). [potion of mutation]
 14419 | D:11     | Gained mutation: You are vulnerable to heat. (rF-) [potion
                  | of mutation]
 14615 | D:7      | Found an ornate altar of the Wu Jian Council.
 14899 | D:7      | Reached * piety under Sif Muna
 15071 | D:7      | Lost mutation: You are vulnerable to heat. (rF-) [potion of
                  | mutation]
 15071 | D:7      | Lost mutation: You have hidden genetic defects. [potion of
                  | mutation]
 15071 | D:7      | Lost mutation: Your skin changes colour to match your
                  | surroundings (Stealth+). [potion of mutation]
 15071 | D:7      | Gained mutation: You are clumsy. (Dex -2) [potion of
                  | mutation]
 15071 | D:7      | Gained mutation: You are partially covered in iridescent
                  | scales. (AC +2) [potion of mutation]
 15267 | D:7      | Found a runed translucent door.
 15269 | D:7      | Found a runed translucent door.
 15269 | D:7      | Found a runed translucent door.
 15668 | D:7      | Learned a level 3 spell: Stone Arrow
 15841 | D:7      | Noticed a two-headed ogre
 15841 | D:7      | Noticed a boulder beetle
 15855 | D:7      | Reached skill level 5 in Invocations
 16001 | D:7      | Killed a two-headed ogre
 16002 | D:7      | Reached skill level 1 in Earth Magic
 16078 | D:7      | Killed a boulder beetle
 16271 | D:7      | Identified the +4 battleaxe of Slow Death {heavy, rF+ rC-
                  | Str+8 SInv}
 16558 | Lair:1   | Entered Level 1 of the Lair of Beasts
 16593 | Lair:1   | Reached ** piety under Sif Muna
 16614 | Lair:1   | Reached XP level 13. HP: 73/76 MP: 2/25
 16778 | Lair:1   | Learned a level 5 spell: Fireball
 16783 | Lair:1   | Learned a level 4 spell: Brom's Barrelling Boulder
 17678 | Lair:2   | Found a staircase to the Snake Pit.
 17862 | Lair:2   | Found a staircase to the Shoals.
 18012 | Lair:2   | Found a frozen archway.
 18021 | IceCv    | Entered an ice cave
 18422 | IceCv    | Reached *** piety under Sif Muna
 19036 | IceCv    | Reached skill level 10 in Fire Magic
 19044 | IceCv    | Noticed an azure jelly
 19066 | IceCv    | Killed an azure jelly
 19220 | IceCv    | Found a viscous altar of Jiyva.
 19223 | IceCv    | Noticed an azure jelly
 19234 | IceCv    | Killed an azure jelly
 19249 | IceCv    | Identified the amulet "Ebamoimp" {Reflect rPois Str+6 Dex-4
                  | SH+5}
 19263 | IceCv    | Identified the ring "Kiamp" {rPois Int+3 Dex+6 Slay+3}
 19748 | Lair:3   | Reached skill level 5 in Earth Magic
 19991 | Lair:3   | Gained mutation: Your large and strong wings let you fly.
                  | [Gargoyle growth]
 19991 | Lair:3   | Reached XP level 14. HP: 52/82 MP: 7/26
 20385 | Lair:3   | Reached **** piety under Sif Muna
 20980 | Lair:3   | Noticed Nergalle
 20989 | Lair:3   | Killed Nergalle
 20990 | Lair:3   | Reached skill level 10 in Invocations
 21952 | Lair:4   | Reached skill level 1 in Axes
 22414 | Lair:4   | Reached skill level 10 in Armour
 22553 | Lair:4   | Found a staircase to the Slime Pits.
 22984 | Lair:5   | Entered Level 5 of the Lair of Beasts
 23018 | Lair:5   | Reached ***** piety under Sif Muna
 23021 | Lair:5   | Received a gift from Sif Muna
 23305 | Lair:5   | Reached XP level 15. HP: 63/86 MP: 2/27
 24741 | Lair:5   | Identified Sif Muna's Elucidation of Combative Accelerants
                  | (Sif Muna gifted it to you on level 5 of the Lair of
                  | Beasts)
 24741 | Lair:5   | Received a gift from Sif Muna
 26427 | Orc:1    | Entered Level 1 of the Orcish Mines
 26762 | Orc:1    | Reached XP level 16. HP: 78/92 MP: 6/28
 26766 | Orc:1    | Identified Sif Muna's Handbook of Blasts and the Atmosphere
                  | (Sif Muna gifted it to you on level 1 of the Orcish Mines)
 26766 | Orc:1    | Received a gift from Sif Muna
 26780 | Orc:1    | Learned a level 3 spell: Hailstorm
 26958 | Orc:1    | Noticed Blork the orc
 26971 | Orc:1    | Killed Blork the orc
 27273 | Orc:2    | Entered Level 2 of the Orcish Mines
 27510 | Orc:2    | Noticed Rupert
 27511 | Orc:2    | Reached skill level 1 in Ice Magic
 27829 | Orc:2    | Received a gift from Sif Muna
 28008 | Orc:2    | Found Ralux's General Store.
 28008 | Orc:2    | Found Dopuraurgh's Assorted Antiques.
 28014 | Orc:2    | Bought a potion of heal wounds for 60 gold pieces
 28014 | Orc:2    | Bought 2 scrolls of enchant armour for 180 gold pieces
 28142 | Orc:2    | Found a staircase to the Elven Halls.
 28296 | Orc:2    | Killed Rupert
 28637 | Orc:2    | Found Rosopror's Antique Weapon Boutique.
 28637 | Orc:2    | Found Joysaty's Weapon Emporium.
 29455 | D:10     | Bought the +10 tower shield of Ignorance {rN+ Int-4} for
                  | 974 gold pieces
 29455 | D:10     | Found the +10 tower shield of Ignorance {rN+ Int-4}
 29573 | Shoals:1 | Entered Level 1 of the Shoals
 29573 | Shoals:1 | Noticed Mlioglotl
 29577 | Shoals:1 | Killed Mlioglotl
 29578 | Shoals:1 | Reached skill level 5 in Axes
 29733 | Shoals:1 | Noticed Jorgrun
 29747 | Shoals:1 | Killed Jorgrun
 31181 | Shoals:2 | Received a gift from Sif Muna
 31380 | Shoals:2 | Identified the +0 scale mail of Cuenn {Drain Fly rElec}
 31567 | Shoals:2 | You are sucked into a shaft and drop 1 floor!
 31795 | Shoals:3 | Found Weulom's General Store.
 31940 | Shoals:3 | Acquired the +4 executioner's axe "Beastbane" {heavy, rC-
                  | Will+ rCorr Dex+7}
 32161 | Shoals:3 | Found Yllaeg's CLEARANCE SALE!.
 32180 | Shoals:3 | Bought a potion of curing for 15 gold pieces
 32180 | Shoals:3 | Bought a scroll of enchant armour for 37 gold pieces
 32430 | Shoals:3 | Reached skill level 1 in Air Magic
 33891 | Shoals:4 | Entered Level 4 of the Shoals
 33895 | Shoals:4 | Reached XP level 17. HP: 83/97 MP: 23/30
 34088 | Shoals:3 | Bought a scroll of immolation for 72 gold pieces
 34235 | Shoals:3 | Identified Popo's Thoughts on Wounds and the Geologist (Sif
                  | Muna gifted it to you on level 3 of the Shoals)
 34235 | Shoals:3 | Received a gift from Sif Muna
 35155 | Shoals:4 | Identified the +0 robe of Cocytus {rElec Will+ Str+3 Dex+4}
 35224 | Shoals:4 | Found a glowing silver altar of Zin.
 35499 | Shoals:4 | Learned a level 4 spell: Iskenderun's Mystic Blast
 35760 | Shoals:4 | Found a glowing golden altar of the Shining One.
 35891 | Shoals:4 | Got a barnacled rune of Zot
 36209 | Shoals:4 | Noticed a kraken
 36214 | Shoals:4 | Killed a kraken
 36418 | Shoals:4 | Found a white marble altar of Elyvilon.
 36624 | Shoals:4 | Identified the +3 rapier of the Summoning Fulmar {vamp,
                  | Dex+4}
 36840 | Snake:1  | Entered Level 1 of the Snake Pit
 37165 | Snake:1  | Acquired 877 gold pieces
 38470 | Snake:2  | Reached skill level 5 in Ice Magic
 38477 | Snake:2  | Identified Sif Muna's Witchery, Part Four (Sif Muna gifted
                  | it to you on level 2 of the Snake Pit)
 38477 | Snake:2  | Received a gift from Sif Muna
 38797 | Snake:2  | Reached XP level 18. HP: 82/105 MP: 0/31
 39010 | Snake:2  | Reached skill level 15 in Invocations
 39380 | Snake:1  | Reached skill level 10 in Spellcasting
 40756 | Snake:3  | Found Zeuclenoecw's Book Emporium.
 40759 | Snake:3  | Found Ubuako's Jewellery Boutique.
 40760 | Snake:3  | Found Qaexaer's Book Emporium.
 40779 | Snake:3  | Bought a book of Spatial Translocations for 252 gold pieces
 40782 | Snake:3  | Learned a level 2 spell: Blink
 40786 | Snake:3  | Bought a manual of Axes for 1360 gold pieces
 41326 | Snake:3  | Identified the +2 pair of boots of Disguise {Will+}
 41730 | Snake:4  | Entered Level 4 of the Snake Pit
 41995 | Snake:4  | Reached skill level 1 in Translocations
 42107 | Snake:4  | Found Qaxajum's General Store.
 42116 | Snake:4  | Bought a scroll of butterflies for 84 gold pieces
 42141 | Snake:4  | Bought a scroll of immolation for 84 gold pieces
 42717 | Snake:4  | Reached skill level 10 in Fighting
 43366 | Snake:4  | Reached skill level 10 in Axes
 43473 | Snake:4  | Identified Sif Muna's Information on Impulse (Sif Muna
                  | gifted it to you on level 4 of the Snake Pit)
 43473 | Snake:4  | Received a gift from Sif Muna
 43695 | Snake:4  | Noticed Vashnia
 43791 | Snake:4  | Reached skill level 15 in Conjurations
 44835 | Snake:4  | Got a serpentine rune of Zot
 44982 | Snake:4  | Learned a level 3 spell: Mephitic Cloud
 45011 | Snake:4  | Killed Vashnia
 45598 | D:10     | Reached XP level 19. HP: 113/113 MP: 26/33
 45601 | D:10     | Killed Tinttamiau's ghost
 46756 | D:13     | Paralysed by a floating eye for 4 turns
 47005 | D:13     | Reached skill level 1 in Evocations
 47345 | D:13     | Found the +11 Singing Sword {sonic wave}
 47645 | D:13     | Found a gate to the Vaults.
 49147 | D:14     | Found a runed translucent door.
 49240 | D:14     | Found a runed translucent gate.
 49240 | D:14     | Found a runed translucent gate.
 49240 | D:14     | Found a runed translucent gate.
 49240 | D:14     | Found a runed translucent gate.
 49240 | D:14     | Found a runed translucent gate.
 49241 | D:14     | Found a runed translucent gate.
 49409 | D:14     | Noticed an Ice Fiend
 49410 | D:14     | Killed an Ice Fiend
 49680 | D:14     | Identified the ring "Roterchue" {rN+ rCorr Str+6 Dex-3}
 50037 | D:15     | Entered Level 15 of the Dungeon
 50251 | D:15     | Acquired 575 gold pieces
 50596 | D:15     | Found a staircase to the Depths.
 51337 | Elf:1    | Entered Level 1 of the Elven Halls
 51347 | Elf:1    | Found Piahaf's Antique Weapon Shop.
 51385 | Elf:1    | Noticed an Ice Fiend
 51389 | Elf:1    | Reached skill level 1 in Shields
 51794 | Elf:1    | Found Jonticya's Antique Weapon Shop.
 51799 | Elf:1    | Bought a fine demon blade for 520 gold pieces
 51799 | Elf:1    | Identified the +2 demon blade of Anguish {flame, rPois}
                  | (You bought it in a shop on level 1 of the Elven Halls)
 51799 | Elf:1    | Bought a bloodstained battleaxe for 299 gold pieces
 51799 | Elf:1    | Identified the +7 battleaxe of Myireo {freeze, rCorr SInv}
                  | (You bought it in a shop on level 1 of the Elven Halls)
 52488 | Elf:1    | Identified Roggug's Compilation of Dislocated Cryomancy
                  | (Sif Muna gifted it to you on level 1 of the Elven Halls)
 52488 | Elf:1    | Received a gift from Sif Muna
 52501 | Elf:1    | Got a resplendent book
 53104 | Elf:2    | Reached skill level 1 in Staves
 53674 | Elf:2    | Reached XP level 20. HP: 120/120 MP: 1/35
 53866 | Elf:2    | Found a runed translucent gate.
 53866 | Elf:2    | Found a runed translucent gate.
 53867 | Elf:2    | Found a runed translucent gate.
 53887 | Elf:2    | Reached skill level 15 in Armour
 54136 | Elf:2    | Found Juilepp's Distillery.
 54143 | Elf:2    | Bought a potion of heal wounds for 80 gold pieces
 54143 | Elf:2    | Bought a potion of heal wounds for 80 gold pieces
 54265 | Elf:2    | Found Polluot's Weapon Shoppe.
 54723 | Elf:2    | Found Woiky's Assorted Antiques.
 54723 | Elf:2    | Found Zygroami's Antique Weapon Emporium.
 54726 | Elf:2    | Noticed Azrael
 54737 | Elf:2    | Killed Azrael
 54873 | Elf:2    | Bought a peridot ring for 130 gold pieces
 56011 | Elf:3    | Entered Level 3 of the Elven Halls
 56037 | Elf:3    | Reached skill level 5 in Hexes
 56508 | Elf:3    | Reached skill level 5 in Translocations
 56592 | Elf:2    | Found a shimmering blue altar of Sif Muna.
 57051 | Elf:3    | Reached skill level 5 in Shields
 57705 | Elf:3    | Identified the ring of Baobuim {Fire rElec}
 57824 | Elf:3    | Identified the orb of Gozag's Approval {mayhem, -Cast
                  | Dex+5}
 57826 | Elf:3    | Identified the staff "Lapun" {rPois rF+ rC+ rN+ Int-4
                  | Necro}
 57863 | Elf:3    | Identified the +5 long sword of Ituf {speed, *Slow rElec
                  | Str+2 Dex+3}
 57878 | Elf:3    | Identified the +7 short sword of the Shrike {freeze, *Rage
                  | Will++ SInv Stlth+}
 58016 | Elf:3    | Found an ancient bone altar of Kikubaaqudgha.
 58481 | Vaults:1 | Entered Level 1 of the Vaults
 58486 | Vaults:1 | Noticed Zenata
 58500 | Vaults:1 | Killed Zenata
 58500 | Vaults:1 | Received a gift from Sif Muna
 58739 | Vaults:1 | Noticed an ancient lich
 58907 | Vaults:1 | Killed an ancient lich
 58908 | Vaults:1 | Reached XP level 21. HP: 121/126 MP: 6/36
 59096 | Vaults:1 | Learned a level 7 spell: Orb of Destruction
 59141 | Vaults:1 | Noticed Nikola
 59146 | Vaults:1 | Killed Nikola
 59572 | Vaults:1 | Noticed Saint Roka
 59579 | Vaults:1 | Killed Saint Roka
 60135 | Vaults:1 | Noticed Norris
 60142 | Vaults:1 | Killed Norris
 60732 | Vaults:2 | Found Ejaynett's Book Boutique.
 60795 | Vaults:2 | Lost mutation: You are clumsy. (Dex -2) [potion of
                  | mutation]
 60795 | Vaults:2 | Lost mutation: You are partially covered in iridescent
                  | scales. (AC +2) [potion of mutation]
 60795 | Vaults:2 | Gained mutation: You have large cloven feet. [potion of
                  | mutation]
 60795 | Vaults:2 | Gained mutation: You have hidden genetic defects. [potion
                  | of mutation]
 60795 | Vaults:2 | Gained mutation: You are agile. (Dex +4, Str/Int -1)
                  | [potion of mutation]
 60801 | Vaults:2 | Lost mutation: You have hidden genetic defects. [potion of
                  | mutation]
 60801 | Vaults:2 | Lost mutation: You have large cloven feet. [potion of
                  | mutation]
 60801 | Vaults:2 | Gained mutation: You have a somewhat thin skeletal
                  | structure. (Dex +2, Stealth+) [potion of mutation]
 60801 | Vaults:2 | Gained mutation: You are partially covered in iridescent
                  | scales. (AC +2) [potion of mutation]
 60801 | Vaults:2 | Gained mutation: You possess an exceptional clarity of
                  | mind. [potion of mutation]
 60811 | Vaults:2 | Bought a Necronomicon for 1080 gold pieces
 61062 | Vaults:2 | Reached skill level 5 in Staves
 62630 | Vaults:1 | Reached XP level 22. HP: 83/133 MP: 15/38
 63029 | Vaults:1 | Reached skill level 15 in Fire Magic
 63615 | Vaults:2 | Identified Sif Muna's Encyclopedia of Scorching Violence
                  | (Sif Muna gifted it to you on level 2 of the Vaults)
 63615 | Vaults:2 | Received a gift from Sif Muna
 64837 | Vaults:3 | Reached skill level 5 in Dodging
 65310 | Vaults:3 | Reached skill level 15 in Axes
 66223 | Vaults:3 | Found a staircase to the Crypt.
 66896 | Vaults:4 | Noticed Margery
 67107 | Vaults:3 | Killed Margery
 67440 | Vaults:4 | Found Dinnae Afuq's Assorted Antiques.
 67447 | Vaults:4 | Bought a brightly glowing rapier for 306 gold pieces
 67447 | Vaults:4 | Identified the +8 rapier "Wesealao" {holy, *Slow Str+2
                  | Int+8} (You bought it in a shop on level 4 of the Vaults)
 67536 | Vaults:4 | Found Najiowen's Magic Scroll Boutique.
 67541 | Vaults:4 | Bought a scroll of blinking for 142 gold pieces
 67562 | Vaults:4 | Reached skill level 10 in Shields
 68053 | Vaults:4 | Identified Sif Muna's Folio of Ensnaring Conjuring (Sif
                  | Muna gifted it to you on level 4 of the Vaults)
 68053 | Vaults:4 | Identified Sif Muna's Tome of Wyrd (Sif Muna gifted it to
                  | you on level 4 of the Vaults)
 68053 | Vaults:4 | Received a gift from Sif Muna
 68551 | Vaults:4 | Reached XP level 23. HP: 116/140 MP: 12/39
 69000 | Vaults:4 | Noticed Bai Suzhen
 69000 | Vaults:4 | Noticed Jory
 69009 | Vaults:4 | Killed Bai Suzhen
 69020 | Vaults:4 | Killed Jory
 69160 | Vaults:4 | Found Tavaunk's Magic Scroll Shop.
 69249 | Vaults:4 | Found Gyngemev's Assorted Antiques.
 69339 | Vaults:4 | Identified the +7 chain mail of Plasticity {rF+ MP+9 Dex+4}
 69390 | Vaults:4 | Found Cikhloyh's Book Emporium.
 70062 | Vaults:4 | Bought a potion of heal wounds for 170 gold pieces
 70062 | Vaults:4 | Bought a potion of heal wounds for 170 gold pieces
 70213 | Vaults:4 | Learned a level 3 spell: Summon Guardian Golem
 70218 | Vaults:5 | Entered Level 5 of the Vaults
 70218 | Vaults:5 | Noticed a dread lich
 70286 | Vaults:5 | Noticed a golden dragon
 70302 | Vaults:5 | Killed a golden dragon
 70312 | Vaults:5 | Identified the +9 flail of Nadghiar {elec, Str-3 Dex+5}
 70408 | Vaults:5 | Killed a dread lich
 70516 | Vaults:5 | Noticed an ancient lich
 70522 | Vaults:5 | Noticed Sojobo
 70537 | Vaults:5 | Killed an ancient lich
 70542 | Vaults:5 | Paralysed by an air elemental for 1 turns
 70542 | Vaults:5 | Identified the ring of Efich {rC+ Slay+3}
 70554 | Vaults:5 | Paralysed by an air elemental for 1 turns
 70561 | Vaults:5 | Identified the +6 halberd of the Wizarding Blowfly {heavy,
                  | rElec rF- rC+++ rN+}
 70566 | Vaults:5 | Killed Sojobo
 70595 | Vaults:5 | Identified the +3 great mace of Sudden Death {heavy, Will-
                  | rCorr SInv}
 70981 | Vaults:5 | Noticed a golden dragon
 70987 | Vaults:5 | Reached skill level 10 in Dodging
 70990 | Vaults:5 | Killed a golden dragon
 71029 | Vaults:5 | Upgraded the game from 0.31-a0-876-gfe8ebadbca to
                  | 0.31-a0-880-g9a209b2425
 71393 | Vaults:5 | Reached XP level 24. HP: 141/147 MP: 40/40
 72337 | Vaults:5 | Identified the staff "Cutuakoi" {rPois Str+3 SInv Air
                  | Poison}
 72343 | Vaults:5 | Identified the +6 flail of Dithmenos's Regard {freeze,
                  | Str+2 Int-4 Dex+5 Stlth+}
 72344 | Vaults:5 | Identified the +0 ring mail of Kona {*Slow rCorr Str+4}
 72406 | Vaults:5 | Identified the +6 leather armour of Perpetual Drought
                  | {Will+ Stlth+}
 72458 | Vaults:5 | Identified the staff "Ifaf" {*Corrode rPois rN+ Int+2
                  | Poison}
 72858 | Vaults:5 | Identified the ring of Dunuibei {rF+ SInv}
 72858 | Vaults:5 | Noticed an ancient lich
 72867 | Vaults:5 | Killed an ancient lich
 73192 | Vaults:5 | Got a silver rune of Zot
 73498 | Vaults:5 | Learned a level 6 spell: Dispersal
 73740 | Depths:1 | Entered Level 1 of the Depths
 73740 | Depths:1 | Found a one-way gate to the infinite horrors of the Abyss.
 73741 | Depths:1 | Noticed Louise
 73916 | Depths:1 | Killed Louise
 74117 | Depths:1 | Identified the ring of Descent {rC+ AC+4}
 74363 | Depths:1 | Found a gateway to Hell.
 75485 | Depths:1 | Found a one-way gateway to a ziggurat.
 76387 | Depths:2 | Noticed Grunn
 76393 | Depths:2 | Identified Maggadeth's Tractate on Fulgurous Points (Sif
                  | Muna gifted it to you on level 2 of the Depths)
 76393 | Depths:2 | Received a gift from Sif Muna
 76734 | Depths:2 | Identified the +3 kite shield "Vupocwyk" {Str+7 Dex-4}
 76734 | Depths:2 | Noticed Asterion
 78027 | Depths:2 | Killed Grunn
 78302 | Depths:2 | Found a one-way gate leading to the halls of Pandemonium.
 78504 | Depths:3 | Found a gateway to a bazaar.
 78603 | Bazaar   | Entered a bazaar
 78604 | Bazaar   | Found Adetzud's Distillery.
 78604 | Bazaar   | Found Icox's Distillery.
 78605 | Bazaar   | Found Pyuhukk's Distillery.
 78614 | Bazaar   | Found Ijexix's Distillery.
 78748 | Bazaar   | Bought a potion of heal wounds for 40 gold pieces
 78770 | Bazaar   | Bought a potion of haste for 70 gold pieces
 78770 | Bazaar   | Bought a potion of magic for 56 gold pieces
 78770 | Bazaar   | Bought a potion of haste for 70 gold pieces
 78781 | Bazaar   | Bought a potion of curing for 45 gold pieces
 78792 | Bazaar   | Bought a potion of invisibility for 64 gold pieces
 78803 | Bazaar   | Bought a potion of cancellation for 72 gold pieces
 78803 | Bazaar   | Bought a potion of cancellation for 72 gold pieces
 79844 | Depths:2 | Reached XP level 25. HP: 154/154 MP: 27/40
 80075 | Depths:2 | Reached skill level 10 in Translocations
 80347 | Depths:2 | Got a dusty book
 80911 | Depths:2 | Found Qericep's Antique Armour Shop.
 80918 | Depths:2 | Bought a shimmering buckler for 323 gold pieces
 80918 | Depths:2 | Identified the +3 buckler "Faokaose" {+Inv Will+} (You
                  | bought it in a shop on level 2 of the Depths)
 80918 | Depths:2 | Found Ebium's Book Boutique.
 81213 | Depths:2 | Killed Asterion
 81742 | Depths:3 | Found a transporter.
 81744 | Depths:3 | Found a transporter.
 81744 | Depths:3 | Identified the +8 great mace "Arocutin" {heavy, rCorr
                  | Dex+3}
 81744 | Depths:3 | Identified the +7 great mace "Voempoug" {freeze, rCorr
                  | Stlth+}
 81749 | Depths:3 | Noticed Ruycyam's ghost (veteran TeGl)
 81820 | Depths:3 | Noticed a juggernaut
 81822 | Depths:3 | Noticed a juggernaut
 81823 | Depths:3 | Noticed a juggernaut
 81823 | Depths:3 | Noticed a juggernaut
 81823 | Depths:3 | Noticed a juggernaut
 82092 | Depths:3 | Killed a juggernaut
 82144 | Depths:2 | Killed a juggernaut
 82401 | Depths:3 | Killed a juggernaut
 82562 | Depths:3 | Noticed a juggernaut
 82568 | Depths:3 | Killed a juggernaut
 82805 | Depths:2 | Reached skill level 15 in Fighting
 83324 | Depths:3 | Killed a juggernaut
 83490 | Depths:3 | Killed a juggernaut
 84108 | Depths:3 | Paralysed by a floating eye for 4 turns
 84703 | Depths:4 | Entered Level 4 of the Depths
 84983 | Depths:3 | Killed Ruycyam's ghost
 85572 | Depths:4 | Reached XP level 26. HP: 131/161 MP: 21/41
 85827 | Depths:4 | Noticed a juggernaut
 85839 | Depths:4 | Killed a juggernaut
 85853 | Depths:4 | Identified Duatim's Teachings on Unhallowed Magic and
                  | Vapour (Sif Muna gifted it to you on level 4 of the Depths)
 85853 | Depths:4 | Received a gift from Sif Muna
 86161 | Depths:4 | Noticed a dread lich
 86179 | Depths:4 | Killed a dread lich
 86181 | Depths:4 | Reached skill level 15 in Spellcasting
 86660 | Depths:4 | Identified the +2 sling "Vuhuedev" {freeze, Int+6}
 86661 | Depths:4 | Identified the +6 glaive "Edonel" {heavy, Fly rF- Stlth+}
 86707 | Depths:4 | Identified the staff of the Priest {rPois Int-4 Dex+4 Conj}
 86857 | Depths:4 | Found Jaoh's Magic Scroll Boutique.
 86861 | Depths:4 | Found Wovaekk's Book Shoppe.
 86865 | Depths:4 | Bought a scroll of blinking for 97 gold pieces
 86865 | Depths:4 | Bought a scroll of butterflies for 52 gold pieces
 86865 | Depths:4 | Bought a scroll of teleportation for 39 gold pieces
 87274 | Depths:4 | Noticed an ancient lich
 87280 | Depths:4 | Killed an ancient lich
 88013 | Depths:4 | Found a gate to the Realm of Zot.
 88693 | Crypt:1  | Entered Level 1 of the Crypt
 88716 | Crypt:1  | Noticed Boris
 88744 | Crypt:1  | Killed Boris
 89042 | Crypt:1  | Reached skill level 1 in Summonings
 89472 | Crypt:1  | Identified Sif Muna's Annotations on Grit and the Vector
                  | (Sif Muna gifted it to you on level 1 of the Crypt)
 89472 | Crypt:1  | Identified Sif Muna's Catalogue of Lithic Portals (Sif Muna
                  | gifted it to you on level 1 of the Crypt)
 89472 | Crypt:1  | Received a gift from Sif Muna
 91685 | Crypt:3  | Entered Level 3 of the Crypt
 92115 | Crypt:3  | Identified Bytrud's Precepts of the Assistive Shapeshifter
                  | (Sif Muna gifted it to you on level 3 of the Crypt)
 92115 | Crypt:3  | Received a gift from Sif Muna
 92338 | Crypt:3  | Found an ancient bone altar of Kikubaaqudgha.
 92366 | Crypt:3  | Reached XP level 27. HP: 168/168 MP: 20/42
 93548 | Crypt:3  | Found a staircase to the Tomb.
 94174 | Crypt:3  | Identified Sif Muna's Incunabulum of Forces (Sif Muna
                  | gifted it to you on level 3 of the Crypt)
 94174 | Crypt:3  | Identified Sif Muna's Incunabulum of Arcane Combat (Sif
                  | Muna gifted it to you on level 3 of the Crypt)
 94174 | Crypt:3  | Received a gift from Sif Muna
 94361 | Tomb:1   | Entered Level 1 of the Tomb of the Ancients
 94919 | Tomb:1   | Noticed a royal mummy
 94928 | Tomb:1   | Killed a royal mummy
 95068 | Tomb:1   | Noticed a royal mummy
 95333 | Tomb:1   | Identified Sif Muna's Acroamatic Arts, Part Six (Sif Muna
                  | gifted it to you on level 1 of the Tomb of the Ancients)
 95333 | Tomb:1   | Identified Daop's Omnibus of Liminal Violence (Sif Muna
                  | gifted it to you on level 1 of the Tomb of the Ancients)
 95333 | Tomb:1   | Identified Wuumn's Catalogue of Heat and Topography (Sif
                  | Muna gifted it to you on level 1 of the Tomb of the
                  | Ancients)
 95333 | Tomb:1   | Received a gift from Sif Muna
 95958 | Tomb:1   | Killed a royal mummy
 96434 | Tomb:2   | Noticed a royal mummy
 96434 | Tomb:2   | Noticed a royal mummy
 96436 | Tomb:2   | Noticed a royal mummy
 96436 | Tomb:2   | Noticed a royal mummy
 96451 | Tomb:2   | Killed a royal mummy
 96457 | Tomb:2   | Killed a royal mummy
 96460 | Tomb:2   | Killed a royal mummy
 96461 | Tomb:2   | Reached skill level 5 in Summonings
 96467 | Tomb:2   | Killed a royal mummy
 96467 | Tomb:2   | HP: 6/170 [something (33)]
 97802 | Tomb:1   | Noticed a royal mummy
 97808 | Tomb:1   | Noticed a royal mummy
 97809 | Tomb:1   | Noticed a royal mummy
 97814 | Tomb:1   | Noticed a royal mummy
 97815 | Tomb:1   | Killed a royal mummy
 97819 | Tomb:1   | Killed a royal mummy
 97821 | Tomb:1   | Killed a royal mummy
 97823 | Tomb:1   | Killed a royal mummy
 98072 | Tomb:1   | Noticed a royal mummy
 98076 | Tomb:1   | Noticed a royal mummy
 98080 | Tomb:1   | Killed a royal mummy
 98086 | Tomb:1   | Killed a royal mummy
 98231 | Tomb:1   | Noticed a royal mummy
 98245 | Tomb:1   | Killed a royal mummy
 98391 | Tomb:1   | Noticed a royal mummy
 98401 | Tomb:1   | Killed a royal mummy
 98527 | Tomb:1   | Noticed a royal mummy
 98546 | Tomb:1   | Killed a royal mummy
 98744 | Tomb:1   | Noticed a royal mummy
 98750 | Tomb:1   | Killed a royal mummy
 98755 | Tomb:1   | Noticed a royal mummy
 98758 | Tomb:1   | Noticed a royal mummy
 98762 | Tomb:1   | Noticed a royal mummy
 98766 | Tomb:1   | Killed a royal mummy
 98766 | Tomb:1   | Killed a royal mummy
 98777 | Tomb:1   | Killed a royal mummy
 99041 | Tomb:1   | Learned a level 8 spell: Ignition
 99065 | Tomb:2   | Identified Sif Muna's Compilation of the Excursion (Sif
                  | Muna gifted it to you on level 2 of the Tomb of the
                  | Ancients)
 99065 | Tomb:2   | Identified Sif Muna's Catalogue of Apparitions (Sif Muna
                  | gifted it to you on level 2 of the Tomb of the Ancients)
 99065 | Tomb:2   | Received a gift from Sif Muna
 99364 | Tomb:3   | Entered Level 3 of the Tomb of the Ancients
 99397 | Tomb:3   | Noticed Boris
 99418 | Tomb:3   | Noticed a royal mummy
 99419 | Tomb:3   | Noticed a royal mummy
 99432 | Tomb:3   | Killed Boris
 99437 | Tomb:3   | Killed a royal mummy
 99440 | Tomb:3   | Identified the +0 mace "Nudeudont" {flame, +Blink Str+2}
 99441 | Tomb:3   | HP: 7/164 [royal mummy/divine providence (10)]
 99445 | Tomb:3   | Noticed a royal mummy
 99447 | Tomb:3   | Killed a royal mummy
 99449 | Tomb:3   | Noticed a royal mummy
 99450 | Tomb:3   | Noticed Khufu
 99453 | Tomb:3   | HP: 12/246 [royal mummy/divine providence (14)]
 99453 | Tomb:3   | Noticed a royal mummy
 99454 | Tomb:3   | Noticed a royal mummy
 99456 | Tomb:3   | Noticed a royal mummy
 99457 | Tomb:3   | Killed a royal mummy
 99458 | Tomb:3   | Killed a royal mummy
 99459 | Tomb:3   | Noticed a royal mummy
 99460 | Tomb:3   | Slain by a death scarab

Illustrated notes

Levels and vault maps discovered:
D:1:      shiori_arrival_whats_in_store_for_you, layout_rooms,
          hangedman_decor_points, st_stairs_8, chequers_serial_rivers_small_a,
          minivault_24, kennysheep_another_room, bh_walls_and_bars
D:2:      layout_loops_corners, minivault_14, uniq_crazy_yiuf_cottage
D:3:      layout_basic, elyvilon_altar_3, serial_shops, shop, uniq_terence,
          uniq_grinder
D:4:      layout_gridville, fedhas_altar_2, mainiacjoe_overflow_brackets,
          mainiacjoe_overflow_alcove_4, portal_sewer_entry_a,
          hangedman_decor_peaks_small, uniq_eustachio
D:5:      layout_cave_pools, hangedman_decor_riveting, uniq_duvessa
D:6:      layout_loops_corners, nicolae_ru_great_annihilating_truth,
          temple_hall, st_stairs_9, eino_small_chamber_without_monster,
          uniq_pikel
D:7:      minmay_the_grid_triangle_9x9_rhombus_full
          [minmay_the_grid_triangle_9x9_thin_v,
          minmay_the_grid_triangle_9x9_sprig,
          minmay_the_grid_triangle_9x9_longest,
          minmay_the_grid_triangle_9x9_impossible_snake,
          minmay_the_grid_triangle_9x9_semitri,
          minmay_the_grid_triangle_9x9_limited_checkers,
          minmay_the_grid_triangle_9x9_fully_insulated_deathbox,
          minmay_the_grid_triangle_9x9_prize_top_heavy], layout_loops_ring,
          mainiacjoe_overflow_paths
D:8:      minmay_spotlight, layout_basic, nicolae_qazlal_beasts_of_the_sky,
          david_lair_generic, serial_shops, shop, nicolae_zig_zag_zippers
D:9:      layout_basic, nicolae_hepliaklqana_monster_ancestors,
          nicolae_dithmenos_shadow_blocks, mainiacjoe_overflow_tiny_flanked
D:10:     layout_loops_ring, gammafunk_ghost_stat_death, serial_shops,
          nicolae_shop_window_shopping, uniq_josephine
D:11:     layout_grid_maze, hiddenorc2_lemuel
D:12:     layout_roguey
D:13:     layout_basic, ximxim_vaults_locker_room, minmay_hollow_rounded_squares
D:14:     gammafunk_indiana_jones, layout_loops_ring, minmay_misc_feat_cross
D:15:     grunt_enter_depths_magical_seal, layout_gridville
Temple:   minmay_temple_forest_path
Lair:1:   layout_hall_layers
Lair:2:   layout_gridlike, elwin_shoals_entry_rocks,
          minmay_snake_entry_guardpost_small, portal_ice_cave_entry_pillars_1,
          lemuel_fruit_tree
Lair:3:   layout_gridlike, kilobyte_rumbling_trees, grunt_megastairs_3,
          infiniplex_staircase_pool, uniq_nergalle
Lair:4:   layout_loops_ring, dpeg_slime_entry_enclosed,
          chequers_serial_rivers_small_3, grunt_megastairs_1,
          serial_bayou_shore_a
Lair:5:   hangedman_lair_in_review, layout_regular_city,
          hangedman_lair_caniforms_friends, grunt_megastairs_5
Shoals:1: layout_shoals, uniq_jorgrun, uniq_mlioglotl
Shoals:2: layout_shoals, nicolae_shoals_spectral_cove
Shoals:3: layout_shoals, serial_shops, shop_statue, nicolae_shop_clearance
Shoals:4: shoals_end_hellmonk_holy_island
Snake:1:  layout_layer_cave
Snake:2:  layout_misc_corridors
Snake:3:  layout_onion, minmay_shop_grove
Snake:4:  johnstein_snake_rune_scales, layout_cave_town, serial_shops, shop
Orc:1:    layout_caves, hangedman_minor_magic
Orc:2:    st_orc_town, layout_caves, uniq_rupert
Elf:1:    layout_geoelf_octagon, serial_shops, nicolae_shop_waterfront, shop,
          minmay_elf_necromancy, hangedman_elf_power_crystal
Elf:2:    elven_hall_of_blades_hangedman_original [nicolae_blade_lattice],
          layout_gridlike, special_room [special_room_orc], serial_shops,
          nicolae_shop_tiny_waterfront, shop, shop, shop_fountains,
          lemuel_upstairs_altar, uniq_azrael
Elf:3:    minmay_elf_hall_x, layout_loops_cross, basic_altar,
          nicolae_elf_blasts_and_bolts
Vaults:1: nicolae_vaults_shelves_hall, v_alt_pattern_2,
          nicolae_vaults_sesquioval_fish, vaults_room_guarded_vault,
          ontoclasm_vaults_misaligned, nicolae_vaults_storage_room_glass,
          vaults_room_corners, vaults_mumra_chevron,
          nicolae_vaults_storage_closets_2, nicolae_vaults_tetromino_L_2,
          vaults_room_fours, nicolae_vaults_heist, layout_vaults_ring,
          uniq_nikola, uniq_saint_roka, uniq_norris, uniq_zenata
Vaults:2: grunt_vaults_funnel, nicolae_vaults_more_shelving_1, v_misc_8,
          dpeg_vaults_hating_casters, dpeg_vaults_monster_box, v_rooms_4,
          grunt_vaults_hallway_short, nicolae_vaults_border_crossing,
          layout_vaults_chaotic_city, serial_shops, shop
Vaults:3: hangedman_vaults_corner_blocks, blue_anna_dwarven_crypt,
          nicolae_vaults_steering_wheel, vaults_room_boxed, v_rooms_6,
          nicolae_vaults_offset_grid_hallway_3,
          nicolae_vaults_trapezoid_lopsided_2, ontoclasm_vaults_claustrophobia,
          nicolae_vaults_mini_display_case, layout_vaults_omnicross
Vaults:4: nicolae_vaults_network_square, nicolae_vaults_network_periphery,
          nicolae_vaults_shipping_containers_3, ontoclasm_vaults_ring_square,
          nicolae_vaults_house_2, nicolae_vaults_windows_and_doors_thing,
          v_misc_25, hangedman_vaults_corner_blocks, hangedman_vaults_slice,
          nicolae_vaults_theta, nicolae_vaults_layer_cake_slice,
          nicolae_vaults_trapezoid_2, nicolae_vaults_diamond_2,
          nicolae_vaults_door_testing_chamber, nicolae_vaults_closet_pinwheel_2,
          layout_vaults_maze_bifur, serial_shops, shop, shop, shop,
          nicolae_shop_competitors_out_of_business, nicolae_shop_peninsula,
          uniq_bai_suzhen, uniq_margery, uniq_jory
Vaults:5: uniq_sojobo
Crypt:1:  layout_misc_corridors, minmay_guarded_unrand_curses, uniq_boris
Crypt:2:  layout_gridlike, grunt_ministairs_11, hex_intersection,
          lemuel_elevator
Crypt:3:  grunt_crypt_end_deaths_head
Tomb:1
Tomb:2
Tomb:3
Depths:1: layout_forbidden_donut, enter_ziggurat_d, grunt_mini_vestibule,
          minmay_misc_feat_rows, nicolae_abyss_entry_one_way_or_another,
          eino_small_chamber_without_monster, moated_statue,
          chequers_serial_rivers_micro_b, minmay_serpent_palace
Depths:2: evilmike_diamond_2, layout_cave_shapes, grunt_hell_entry_dis_mu,
          rand_demon_pan_entry_1, minmay_shoptagon, uniq_grunn, uniq_asterion
Depths:3: nicolae_fronds_of_death, layout_cave_pools, serial_shops,
          bzr_entry_road, gammafunk_ghost_smash, pf_dread_powers_of_hell,
          abyss_entry_small_statue_room, grunt_decor_fettered
Depths:4: evilmike_zot_entry_basic, layout_gridlike,
          chequers_serial_rivers_small_b, hell_entry, corexii_corridor_pit,
          nicolae_wooded_promenade, minmay_multi_spiral

Skill      XL: |  1  2  3  4  5  6  7  8  9 10 11 12 13 14 15 16 17 18 19 20 21 22 23 24 25 26 27 |
---------------+----------------------------------------------------------------------------------+-----
Dodging        | 2 3 4 7 10 11 | 11.6
Conjurations   | 2 3 4 5 6 8 9 10 11 12 13 14 15 16 17 18 20 | 20.3
Stealth        | 3 4 5 6 |  6.0
Fighting       | 1 2 3 4 5 6 7 8 9 10 11 12 13 14 15 16 17 | 17.5
Armour         | 1 2 3 4 5 6 7 9 10 11 12 13 14 15 16 17 18 19 20 | 20.0
Hexes          | 1 2 3 4 5 |  5.0
Spellcasting   | 3 4 5 7 8 9 10 11 12 13 14 15 17 | 17.6
Fire Magic     | 4 5 6 7 9 10 12 13 14 15 16 17 18 | 18.7
Short Blades   | 1 2 4 5 |  5.9
Invocations    | 1 6 8 11 12 13 14 15 | 15.0
Earth Magic    | 2 5 |  5.0
Axes           | 2 4 6 8 10 12 14 15 16 17 | 17.9
Ice Magic      | 3 5 |  5.0
Air Magic      | 1 3 |  3.0
Translocations | 2 4 5 6 7 8 9 10 | 10.0
Evocations     | 3 |  3.0
Shields        | 2 6 8 10 11 12 13 14 | 14.6
Staves         | 1 3 5 |  5.0
Summonings     | 2 5 |  5.0

Action                     |  1- 3 |  4- 6 |  7- 9 | 10-12 | 13-15 | 16-18 | 19-21 | 22-24 | 25-27 || total
---------------------------+-------+-------+-------+-------+-------+-------+-------+-------+-------++-------
  Melee: Spear             |    37 |       |       |       |       |       |       |       |       ||    37
         Punch             |     3 |     1 |     3 |     8 |       |     1 |     4 |     2 |       ||    22
         Short sword       |    51 |    84 |   229 |   198 |       |       |       |       |       ||   562
         Quarterstaff      |       |       |       |    12 |       |       |       |       |       ||    12
         Dagger            |       |       |       |   132 |    57 |       |       |       |       ||   189
         Battleaxe         |       |       |       |       |    98 |   136 |       |   136 |       ||   370
         Executioner's axe |       |       |       |       |       |    73 |       |       |       ||    73
         Staff             |       |       |       |       |       |   143 |   301 |   167 |       ||   611
         Rapier            |       |       |       |       |       |       |       |   623 |   891 ||  1514
         Halberd           |       |       |       |       |       |       |       |    50 |       ||    50
  Throw: Dart              |       |       |    17 |    12 |     4 |     6 |       |       |       ||    39
   Cast: Foxfire           |    53 |    39 |   114 |   241 |   286 |   457 |   146 |    47 |    84 ||  1467
         Scorch            |       |     7 |    62 |    89 |   129 |    99 |    28 |    89 |    14 ||   517
         Inner Flame       |       |     2 |     7 |    29 |    16 |    37 |    11 |    24 |     6 ||   132
         Flame Wave        |       |       |     5 |    39 |    82 |    23 |    28 |       |       ||   177
         Stone Arrow       |       |       |       |     2 |       |     5 |       |       |       ||     7
         Fireball          |       |       |       |       |    19 |    58 |    32 |    44 |    37 ||   190
         Brom's Barrelling |       |       |       |       |     4 |    12 |    34 |     6 |     6 ||    62
         Starburst         |       |       |       |       |     7 |   184 |   280 |   264 |   543 ||  1278
         Hailstorm         |       |       |       |       |       |    18 |    14 |    17 |    27 ||    76
         Iskenderun's Myst |       |       |       |       |       |    16 |    75 |    94 |   129 ||   314
         Mephitic Cloud    |       |       |       |       |       |       |    30 |    24 |    30 ||    84
         Ignition          |       |       |       |       |       |       |     1 |       |     3 ||     4
         Blink             |       |       |       |       |       |       |     1 |     9 |     5 ||    15
         Orb of Destructio |       |       |       |       |       |       |     4 |    62 |   106 ||   172
         Fire Storm        |       |       |       |       |       |       |       |     1 |     1 ||     2
         Death's Door      |       |       |       |       |       |       |       |     1 |       ||     1
         Dispersal         |       |       |       |       |       |       |       |       |     1 ||     1
         Summon Guardian G |       |       |       |       |       |       |       |       |     1 ||     1
         Chain Lightning   |       |       |       |       |       |       |       |       |     2 ||     2
         Borgnjor's Revivi |       |       |       |       |       |       |       |       |     1 ||     1
 Invoke: Channel Magic     |       |       |       |       |     5 |    11 |    14 |    18 |    24 ||    72
         Divine Exegesis   |       |       |       |       |       |       |     1 |     2 |     4 ||     7
  Evoke: Wand              |       |       |       |     2 |       |       |       |     6 |     3 ||    11
         Lightning rod     |       |       |       |       |       |     3 |     6 |       |     3 ||    12
    Use: Scroll            |     3 |       |     7 |     9 |    11 |    11 |     5 |     9 |     5 ||    60
         Potion            |       |       |     2 |     7 |     1 |       |    10 |    10 |    26 ||    56
   Stab: Sleeping          |     1 |     1 |     5 |     7 |       |     1 |       |     5 |     2 ||    22
         Paralysed         |       |       |       |     1 |       |       |       |       |       ||     1
         Distracted        |       |       |       |     1 |     2 |       |       |       |       ||     3
         Confused          |       |       |       |       |       |       |     1 |     2 |     5 ||     8
 Armour: Robe              |    64 |    27 |    36 |   307 |       |   691 |   552 |   232 |       ||  1909
         Leather armour    |       |    51 |   167 |    51 |   490 |   138 |       |       |       ||   897
         Skin              |       |       |    43 |       |       |       |       |       |     7 ||    50
         Chain mail        |       |       |       |       |       |       |       |   460 |   707 ||  1167
  Dodge: Dodged            |    98 |    56 |   208 |   248 |   394 |   461 |   223 |   405 |   356 ||  2449
         Repelled          |       |       |       |     1 |       |       |       |       |       ||     1
  Block: Other             |       |       |       |       |       |   155 |    52 |   106 |       ||   313
         Reflection        |       |       |       |       |       |    24 |    34 |    17 |    10 ||    85
         Buckler           |       |       |       |       |       |       |   180 |    26 |       ||   206
         Kite shield       |       |       |       |       |       |       |       |   194 |   396 ||   590
         Tower shield      |       |       |       |       |       |       |       |       |  1392 ||  1392

Table legend: (Time is in decaauts)
 A = Elapsed time spent in this place.
 B = Non-inter-level travel time spent in this place.
 C = Inter-level travel time spent in this place.
 D = Time resting spent in this place.
 E = Time spent auto-exploring this place.
 F = Levels seen in this place.
 G = Mean time per level.
                   A        B        C        D        E       F      G
               +--------+--------+--------+--------+--------+-----+--------+
         Total | 100222 |  97005 |   3217 |  15308 |  53645 |  52 | 1927.3 |
       Dungeon |  22943 |  21669 |   1274 |   2937 |  12562 |  15 | 1529.5 |
        Temple |      9 |      9 |      0 |      0 |      0 |   1 |    9.0 |
          Lair |   8781 |   8413 |    368 |   1099 |   5056 |   5 | 1756.2 |
        Shoals |   7288 |   7152 |    136 |   1207 |   4598 |   4 | 1822.0 |
     Snake Pit |   8747 |   8528 |    219 |   1892 |   4647 |   4 | 2186.8 |
  Orcish Mines |   3085 |   2979 |    106 |    424 |   1345 |   2 | 1542.5 |
   Elven Halls |   7009 |   6860 |    149 |    800 |   4222 |   3 | 2336.3 |
        Vaults |  15203 |  14577 |    626 |   2391 |   7939 |   5 | 3040.6 |
         Crypt |   5746 |   5619 |    127 |      0 |   3933 |   3 | 1915.3 |
          Tomb |   5127 |   5127 |      0 |    341 |   2869 |   3 | 1709.0 |
        Depths |  13184 |  12975 |    209 |   3583 |   5428 |   4 | 3296.0 |
        Bazaar |   1044 |   1044 |      0 |      0 |    316 |   1 | 1044.0 |
         Sewer |    716 |    716 |      0 |     82 |    302 |   1 |  716.0 |
      Ice Cave |   1336 |   1336 |      0 |    552 |    427 |   1 | 1336.0 |
               +--------+--------+--------+--------+--------+-----+--------+

Top non-repeatable levels by time:
Depths:2: 4389 daAuts
Depths:1: 4135 daAuts
Vaults:3: 3640 daAuts
Vaults:4: 3560 daAuts
  Tomb:1: 3505 daAuts
 Snake:4: 3419 daAuts
Vaults:2: 3293 daAuts
   Elf:2: 2969 daAuts
  Lair:5: 2907 daAuts
Depths:4: 2848 daAuts
 Crypt:3: 2704 daAuts
 Snake:1: 2664 daAuts
Vaults:1: 2516 daAuts
Shoals:3: 2491 daAuts
    D:13: 2266 daAuts
